 Dungeon Crawl Stone Soup version 0.24.0-7-gb3623d2c88 (webtiles) character file.

Game seed: 9104657181534952353, levelgen mode: deterministic

210 Gumption the Firebug (level 5, -3/38 HPs)
             Began as a Draconian Fire Elementalist on Nov 2, 2019.
             Killed from afar by Blork the orc (9 damage)
             ... with a puff of frost
             ... on level 4 of the Dungeon.
             The game lasted 00:51:20 (3144 turns).

Gumption the Firebug (Draconian Fire Elementalist)  Turns: 3144, Time: 00:51:20

Health: -3/38      AC:  5    Str: 10    XL:     5   Next: 57%
Magic:  3/9        EV: 12    Int: 17    God:
Gold:   97         SH:  0    Dex: 11    Spells: 6/10 levels left

rFire    . . .     SeeInvis .   b - +0 hunting sling
rCold    . . .     Gourm    .   (no shield)
rNeg     . . .     Faith    .   (armour unavailable)
rPois    .         Spirit   .   (helmet restricted)
rElec    .         Reflect  .   (no cloak)
rCorr    .         Harm     .   (no gloves)
MR       .....                  (no boots)
Stlth    ++........             (no amulet)
HPRegen  0.12/turn              (no ring)
MPRegen  0.11/turn              (no ring)

@: no status effects
A: unfitting armour, cold-blooded, AC +5
a: no special abilities


You were on level 4 of the Dungeon.
You were hungry.

You visited 1 branch of the dungeon, and saw 5 of its levels.

You collected 97 gold pieces.

Inventory:

Hand Weapons
 a - a +0 short sword
 b - a +0 hunting sling (weapon)
Missiles
 f - 26 stones (quivered)
Jewellery
 o - an uncursed ring of poison resistance {unknown}
Wands
 p - a wand of enslavement (7)
Scrolls
 k - a scroll of noise {unknown}
 l - a scroll of teleportation {unknown}
Potions
 c - 2 potions of curing {unknown}
 d - a potion of ambrosia {unknown}
 g - a potion of might {unknown}
 h - a potion of invisibility {unknown}
 i - a potion of resistance {unknown}
 j - a potion of brilliance {unknown}
 n - 2 potions of haste {unknown}
Comestibles
 e - 4 rations


   Skills:
 - Level 1.7 Dodging
 - Level 1.7 Stealth
 + Level 3.0 Spellcasting
 * Level 3.5 Conjurations
 * Level 4.6 Fire Magic


You had 6 spell levels left.
You knew the following spells:

 Your Spells              Type           Power        Failure   Level  Hunger
a - Flame Tongue          Conj/Fire      ###..        3%          1    None
b - Conjure Flame         Conj/Fire      ###.....     10%         3    ###....

Your spell library contained the following spells:

 Spells                   Type           Power        Failure   Level  Hunger
 Throw Flame              Conj/Fire      ###...       4%          2    ##.....
 Inner Flame              Hex/Fire       ##......     21%         3    ###....
 Sticky Flame             Conj/Fire      ###.....     32%         4    ####...
 Fireball                 Conj/Fire      ###.......   67%         5    ######.


Dungeon Overview and Level Annotations

Branches:
Dungeon (5/15)
 Temple: D:4-7

Altars:
Qazlal
Ru
Uskayaw

Annotations:
D:2 Terence
D:4 Blork the orc


Innate Abilities, Weirdness & Mutations

Your plain brown scales are hard. (AC +5)
You cannot fit into any form of body armour.
You are cold-blooded and may be slowed by cold attacks.


Message History

Blork the orc mumbles some strange words.
Blork the orc flickers and vanishes!
Deactivating autopickup; reactivate with Ctrl-A.
Firing (i - inventory)
f - 28 stones (quivered)
Press: ? - help, Shift-Dir - straight line You shoot a stone.
A puff of flame appears from out of thin air!
The puff of flame hits you!
Firing (i - inventory)
f - 27 stones (quivered)
Press: ? - help, Shift-Dir - straight line You shoot a stone.
Okay, then.
You hear some strange, mumbled words.
Something hits you. Something hits you!
* * * LOW HITPOINT WARNING * * *
You hear some strange, mumbled words.
A puff of frost appears from out of thin air!
The puff of frost hits you!
You die...

#.....#..##
#####.....###
.. #......)#
..#
#.......###.#
#.>(....#...
#(.........
#..(.....#
#.(......#
#.....@..#
#(#####..#
#.# ##...#
###.###..#.#
#.....#.##..#
#.......#
...#
#.....###
#..# #.....#
### #.....#


There were no monsters in sight!

Vanquished Creatures
  A howler monkey (D:5)
  A hound (D:5)
  A jelly (D:5)
  4 adders
  4 gnolls
  A dart slug (D:1)
  An orc (D:3)
  A giant cockroach (D:3)
  5 goblins
  6 hobgoblins
  A quokka (D:5)
  2 bats
  2 frilled lizards (D:1)
  4 kobolds
  A leopard gecko zombie (D:5)
  4 rats
39 creatures vanquished.

Notes
Turn   | Place    | Note
-------+----------+-------------------------------------------
     0 | D:1      | Gumption the Draconian Fire Elementalist began the quest
                  | for the Orb.
     0 | D:1      | Reached XP level 1. HP: 14/14 MP: 3/3
   448 | D:1      | Reached XP level 2. HP: 20/20 MP: 5/5
   953 | D:2      | Found a hide-covered altar of Uskayaw.
  1334 | D:2      | Found a stormy altar of Qazlal.
  1634 | D:2      | Reached XP level 3. HP: 26/26 MP: 4/6
  1639 | D:2      | Learned a level 3 spell: Conjure Flame
  1784 | D:2      | Noticed Terence
  2241 | D:3      | Found a sacrificial altar of Ru.
  2445 | D:3      | You fall into a shaft and drop 2 floors!
  2445 | D:5      | Entered Level 5 of the Dungeon
  2666 | D:5      | Reached XP level 4. HP: 33/33 MP: 3/7
  2725 | D:4      | Noticed Blork the orc
  2753 | D:5      | Reached skill level 4 in Fire Magic
  2834 | D:5      | Reached XP level 5. HP: 33/38 MP: 2/9
  3144 | D:4      | Killed from afar by Blork the orc

Levels and vault maps discovered:
D:1:      dpeg_arrival_radiant, layout_loops_cross, feat_on_display
D:2:      layout_loops_corners, eat_drink_and_be_merry_uskayaw,
          nicolae_qazlal_general_emergency, uniq_terence
D:3:      wad_pebble_path, layout_basic,
          grunt_temple_overflow_champion_of_chaos, nicolae_ru_awakened_eye,
          kennysheep_jessica_study
D:4:      minmay_clustersquares, layout_rooms, kennysheep_orc_chapel,
          uniq_blork_the_orc, uniq_eustachio
D:5:      layout_cave_pools, first_ration, roderic_batcave,
          hangedman_decor_riveting, kennysheep_nub

Skill      XL: |  1  2  3  4  5 |
---------------+----------------+-----
Conjurations   | 2 3 |  3.5
Fire Magic     | 4 |  4.6
Spellcasting   | 3 |  3.0
Dodging        | |  1.7
Stealth        | |  1.7

Action                   |  1- 3 |  4- 6 || total
-------------------------+-------+-------++-------
Melee: Short sword       |     1 |     1 ||     2
       Tailslap          |       |     1 ||     1
 Fire: Hunting sling     |    13 |    13 ||    26
Throw: Boomerang         |    16 |       ||    16
       Stone             |    17 |       ||    17
 Cast: Flame Tongue      |    45 |    20 ||    65
       Conjure Flame     |     1 |     4 ||     5
  Eat: Ration            |     1 |       ||     1
       Chunk             |     3 |     1 ||     4
Armor: Skin              |     6 |     2 ||     8
Dodge: Dodged            |    13 |    13 ||    26
